 Dungeon Crawl Stone Soup version 0.26.0-10-g1f06aea511 (webtiles) character file.

Game seed: 3734208155633597555

40 gruber the Firebug (level 3, -6/26 HPs)
             Began as a Hill Orc Fire Elementalist on Jan 29, 2021.
             Killed from afar by an orc wizard (11 damage)
             ... with a puff of frost
             ... on level 2 of the Dungeon.
             The game lasted 00:02:11 (2025 turns).

gruber the Firebug (Hill Orc Fire Elementalist)     Turns: 2025, Time: 00:02:12

Health: -6/26      AC:  3    Str: 10    XL:     3   Next: 50%
Magic:  1/5        EV: 12    Int: 16    God:
Gold:   69         SH:  0    Dex: 11    Spells: 4/5 levels left

rFire    . . .     SeeInvis .   p - +1 dagger (elec)
rCold    . . .     Faith    .   (no shield)
rNeg     . . .     Spirit   .   a - +0 robe
rPois    .         Reflect  .   (no helmet)
rElec    .         Harm     .   (no cloak)
rCorr    .         Rampage  .   (no gloves)
Will     .....                  l - +0 pair of boots (curse)
Stlth    ++........             (no amulet)
HPRegen  0.08/turn              (no ring)
MPRegen  0.09/turn              (no ring)

@: no status effects
A: no striking features
a: no special abilities


You were on level 2 of the Dungeon.
You visited 1 branch of the dungeon, and saw 3 of its levels.

You collected 69 gold pieces.

Inventory:

Hand Weapons
 p - a +1 dagger of electrocution (weapon)
Armour
 a - a +0 robe (worn)
 d - a +0 buckler
 l - a cursed +0 pair of boots (worn)
Scrolls
 b - 2 scrolls of identify {unknown}
 c - 3 scrolls of teleportation {unknown}
 e - a scroll of fear {unknown}
 g - a scroll of fog {unknown}
 j - a scroll of enchant armour {unknown}
 n - a scroll of magic mapping {unknown}
 q - a scroll of immolation {unknown}
Potions
 f - a potion of curing {unknown}
 h - a potion of mutation {unknown}
 i - 2 potions of berserk rage {unknown}
 k - a potion of degeneration {unknown}
 m - a potion of cancellation {unknown}
 o - 2 potions of attraction {unknown}


   Skills:
 - Level 1.5 Dodging
 - Level 1.5 Stealth
 - Level 1.5 Spellcasting
 - Level 1.0 Conjurations
 + Level 4.9 Fire Magic


You had 4 spell levels left.
You knew the following spells:

 Your Spells              Type           Power        Failure   Level
a - Foxfire               Conj/Fire      40%          6%          1

Your spell library contained the following spells:

 Spells                   Type           Power        Failure   Level
 Conjure Flame            Conj/Fire      10%          19%         3
 Inner Flame              Hex/Fire       9%           24%         3
 Sticky Flame             Conj/Fire      10%          54%         4
 Fireball                 Conj/Fire      5%           87%         5


Dungeon Overview and Level Annotations

Branches:
Dungeon (3/15)

Altars:


Message History

* * * LOW HITPOINT WARNING * * *
The orc hits you from afar with a +0 trident.
* * * LOW HITPOINT WARNING * * *
You climb upwards.
Your magical contamination has completely faded away.
There is a stone staircase leading down here.
Unknown command.
You hit the orc wizard.
The orc wizard is almost dead.
The orc wizard hits you but does no damage. x2
You hit the orc wizard.
The orc wizard is almost dead.
The orc wizard hits you with a +0 dagger.
* * * LOW HITPOINT WARNING * * *
Unknown command.
You barely miss the orc wizard.
The orc wizard is almost dead.
The orc wizard points at you and mumbles some strange words.
The puff of frost hits you!
You die...

#.## #..########
########.........#
......##..######.#
......##..######.#
......#..........#
......#..#######.#
##.##.#..........#
........).......@#
.#.##.#.........o#
..........######.#
.#.##.#.#..# #.#
.#.##.#.#..## #.#
.#.##.#.#...# #.#
##.##.#.#.#.# #.#
....#.#.#.#.####.#
##..#............#


You could see an orc wizard (fast).

Vanquished Creatures
  A worm (D:2)
  A dart slug (D:2)
  2 orcs (D:3)
  6 goblins
  A hobgoblin (D:2)
  5 kobolds
  A quokka (D:2)
  5 bats
  4 frilled lizards
  6 rats
32 creatures vanquished.

Vanquished Creatures (collateral kills)
  2 foxfires (D:1)
2 creatures vanquished.

Vanquished Creatures (others)
  84 foxfires
84 creatures vanquished.

Grand Total: 118 creatures vanquished

Notes
Turn   | Place    | Note
-------+----------+-------------------------------------------
     0 | D:1      | gruber the Hill Orc Fire Elementalist began the quest for
                  | the Orb.
     0 | D:1      | Reached XP level 1. HP: 14/14 MP: 3/3
   525 | D:1      | Reached XP level 2. HP: 20/20 MP: 1/4
   760 | D:1      | Reached skill level 4 in Fire Magic
  1597 | D:2      | Reached XP level 3. HP: 26/26 MP: 2/5
  2025 | D:2      | Killed from afar by an orc wizard

Illustrated notes

Levels and vault maps discovered:
D:1:      eino_arrival_tree_alley, layout_basic
D:2:      layout_basic, minmay_misc_feat_x
D:3:      layout_rooms, nicolae_overflow_hidden_temple, fedhas_ov_isle_minmay,
          uniq_robin

Skill      XL: |  1  2 |
---------------+-------+-----
Fire Magic     | 4 |  4.9
Dodging        | |  1.5
Stealth        | |  1.5
Spellcasting   | |  1.5
Conjurations   | |  1.0

Action                   || total
-------------------------++-------
Melee: Dagger            ||    21
 Cast: Foxfire           ||    52
 Stab: Sleeping          ||     1
Armor: Robe              ||     9
Dodge: Dodged            ||    30
